 Dungeon Crawl Stone Soup version 0.26-a0-651-gb41185065b (webtiles) character file.

Game seed: 17996974304072752570

39095 raph the Severer (level 14, -2/102 HPs)
             Began as a Hill Orc Fire Elementalist on Oct 31, 2020.
             Was the Champion of Kikubaaqudgha.
             Slain by an orc warrior
             ... wielding a +0 long sword
              (14 damage)
             ... on level 2 of the Orcish Mines.
             The game lasted 01:23:19 (29049 turns).

raph the Severer (Hill Orc Fire Elementalist)      Turns: 29049, Time: 01:23:19

Health: -2/102     AC: 11    Str: 14    XL:     14   Next: 5%
Magic:  30/35      EV: 13    Int: 28    God:    Kikubaaqudgha [******]
Gold:   931        SH:  0    Dex: 15    Spells: 2/29 levels left

rFire    . . .     SeeInvis .   a - +8 executioner's axe (pain)
rCold    . . .     Faith    .   (shield currently unavailable)
rNeg     . . .     Spirit   .   D - +0 leather armour of Pan-Flutes {Int+10} (curse)
rPois    +         Reflect  .   i - +2 helmet
rElec    .         Harm     .   N - +2 cloak {rPois}
rCorr    .         Rampage  .   k - +0 pair of gloves
MR       +....                  Q - +0 pair of boots (curse)
Stlth    ++........             z - amulet of the acrobat
HPRegen  0.27/turn              Y - ring "Diaruewn" {Wiz *Drain Str+2 Dex+3 Slay+2}
MPRegen  0.24/turn              l - ring of magical power

@: lightly drained
A: no striking features
a: Receive Corpses, Torment, Renounce Religion, Convert to Beogh


You were on level 2 of the Orcish Mines.
You worshipped Kikubaaqudgha.
Kikubaaqudgha was exalted by your worship.
You visited 3 branches of the dungeon, and saw 18 of its levels.
You also visited: Ice Cave.

You collected 1174 gold pieces.
You spent 243 gold pieces at shops.

Inventory:

Hand Weapons
 a - a +8 executioner's axe of pain (weapon)
 b - the +3 scimitar of the Desert {holy, rElec rN+ Str+2}
   (You bought it in a shop on level 8 of the Dungeon)

   It has been blessed by the Shining One to cause great damage to the undead
   and demons.
   It affects your strength (+2).
   It insulates you from electricity.
   It protects you from negative energy.
 n - a +0 dagger
 q - a +2 short sword of freezing
 L - a +4 short sword of venom
Missiles
 d - 20 boomerangs (quivered)
Armour
 i - a +2 helmet (worn)
 k - a +0 pair of gloves (worn)
 r - a +0 pair of boots
 s - a +2 robe
 w - a +0 cloak
 D - the cursed +0 leather armour of Pan-Flutes (worn) {Int+10}
   (You found it on level 7 of the Dungeon)

   It affects your intelligence (+10).
   It has a curse placed upon it.
 N - a +2 cloak of poison resistance (worn)
 Q - a cursed +0 pair of boots (worn)
Magical Staves
 P - an uncursed staff of cold
Jewellery
 g - an uncursed ring of protection from cold
 l - a ring of magical power (right hand)
 o - an uncursed amulet of magic regeneration
 x - an uncursed ring of stealth
 z - an amulet of the acrobat (around neck)
 F - an uncursed ring of poison resistance
 G - an uncursed ring of protection from magic
 I - an uncursed ring of ice
 O - a +6 ring of dexterity
 R - a +6 ring of intelligence
 S - a +6 ring of strength
 Y - the ring "Diaruewn" (left hand) {Wiz *Drain Str+2 Dex+3 Slay+2}
   (You took it off an orc on level 10 of the Dungeon)

   [ring of wizardry]

   It improves your spell success rate.
   It affects your strength (+2).
   It affects your dexterity (+3).
   It affects your accuracy and damage with ranged weapons and melee attacks
   (+2).
   It causes draining when unequipped.
 Z - an uncursed amulet of reflection {unknown}
Wands
 K - a wand of disintegration (7)
 M - a wand of enslavement (15)
 W - a wand of iceblast (7)
Scrolls
 p - 9 scrolls of remove curse
 u - 2 scrolls of immolation
 v - 7 scrolls of identify
 y - a scroll of fog
 A - 2 scrolls of magic mapping
 H - a scroll of teleportation
 T - a scroll of amnesia
 U - a scroll of summoning
Potions
 c - 4 potions of brilliance
 e - 3 potions of cancellation
 f - a potion of haste
 h - 8 potions of degeneration
 j - 4 potions of mutation
 m - 3 potions of stabbing
 t - 2 potions of heal wounds
 B - a potion of flight
 C - 3 potions of lignification
 E - 4 potions of curing
 J - a potion of might
 V - a potion of ambrosia


   Skills:
 - Level 3.6(3.0) Fighting
 * Level 15.8(15.0) Axes
 - Level 3.1(2.6) Armour
 - Level 3.4(2.9) Dodging
 - Level 4.8(4.3) Stealth
 - Level 8.2(7.6) Spellcasting
 - Level 9.4(8.7) Conjurations
 - Level 8.5(7.8) Necromancy
 - Level 10.8(10.1) Fire Magic


You had 2 spell levels left.
You knew the following spells:

 Your Spells              Type           Power        Failure   Level
a - Foxfire               Conj/Fire      ####         1%          1
b - Conjure Flame         Conj/Fire      ######..     1%          3
c - Sticky Flame          Conj/Fire      ######..     1%          4
d - Agony                 Necr           ######..     2%          5
e - Animate Skeleton      Necr           ######       1%          1
f - Vampiric Draining     Necr           ######....   1%          3
g - Fireball              Conj/Fire      ######....   1%          5
h - Blink                 Tloc           N/A          4%          2
i - Stone Arrow           Conj/Erth      #####.       1%          3

Your spell library contained the following spells:

 Spells                   Type           Power        Failure   Level
 Magic Dart               Conj           ####         1%          1
 Pain                     Necr           ####         1%          1
 Searing Ray              Conj           ######       1%          2
 Sublimation of Blood     Necr           ######....   1%          2
 Apportation              Tloc           ##....       2%          1
 Beastly Appendage        Tmut           ##....       2%          1
 Corona                   Hex            ##.....      2%          1
 Sandblast                Erth           ##....       2%          1
 Call Imp                 Summ           ##......     4%          2
 Ensorcelled Hibernation  Hex/Ice        ##....       4%          2
 Passwall                 Tmut/Erth      ##......     4%          2
 Slow                     Hex            ##......     4%          2
 Dazzling Flash           Conj/Hex       #####.       1%          3
 Inner Flame              Hex/Fire       #####...     1%          3
 Dispel Undead            Necr           ######..     1%          4
 Mephitic Cloud           Conj/Pois/Air  ####....     2%          3
 Excruciating Wounds      Necr           ######....   2%          5
 Fulminant Prism          Conj/Hex       #####.....   4%          4
 Iskenderun's Mystic Bla  Conj/Tloc      #####...     4%          4
 Confusing Touch          Hex            ##......     8%          3
 Lesser Beckoning         Tloc           ##........   8%          3
 Spider Form              Tmut/Pois      ##........   8%          3
 Tukima's Dance           Hex            ##......     8%          3
 Borgnjor's Vile Clutch   Necr/Erth      ####......   14%         5
 Petrify                  Tmut/Erth      ##......     26%         4
 Summon Lightning Spire   Summ/Air       ##......     26%         4
 Conjure Ball Lightning   Conj/Air       #####.....   52%         6
 Alistair's Intoxication  Tmut/Pois      ##.......    54%         5
 Blade Hands              Tmut           ##........   54%         5
 Lee's Rapid Deconstruct  Erth           ##........   54%         5
 Silence                  Hex/Air        ##........   54%         5
 Simulacrum               Ice/Necr       ####......   56%         6
 Invisibility             Hex            ##......     98%         6
 Summon Hydra             Summ           ##........   100%        7
 Tornado                  Air            ##........   100%        9


Dungeon Overview and Level Annotations

Branches:
Dungeon (11/15)            Temple (0/1) D:5            Lair (5/6) D:9
 Shoals (0/4) Lair:3       Spider (0/4) Lair:3        Slime (0/5) Lair:5
    Orc (2/2) D:11            Elf (0/3) Orc:2         IceCv (visited)

Altars:
Cheibriados
Dithmenos
Gozag
Kikubaaqudgha
Makhleb
Ru
Trog
Vehumet

Shops:
D:8 (   Orc:1 [

Annotations:
D:6 exclusion: hydra
D:8 2 transporters
Lair:4 3 runed translucent doors, Giarr's ghost, journeyman DDGl


Message History

* * * LOW HITPOINT WARNING * * *
The orc knight roars a battlecry!
The orcs go into a battle-frenzy!
An orc warrior comes into view. It is wielding a +0 long sword.
You hear a shout! x2
Casting: Animate Skeleton (safe; 1% risk of failure)
Confirm with . or Enter, or press ? or * to list all spells.
There is nothing nearby to animate!
Casting: Animate Skeleton (safe; 1% risk of failure)
Confirm with . or Enter, or press ? or * to list all spells.
Aiming: Vampiric Draining (safe; 1% risk of failure)
Press: ? - help, Shift-Dir - straight line, f - orc warrior
Aim: an orc warrior, wielding a +0 long sword and wearing a +0 chain mail (heavily wounded, strong)
The orc warrior is severely wounded.
You feel life coursing into your body.
The orc priest shouts, "Surrender to Beogh and we'll let you live!"
The orc sorcerer misses you.
The orc warrior hits you with a +0 long sword!
You die...
Kikubaaqudgha rasps: "You have failed me!
Welcome... death!"

** #..........#,,,,,,,,,,,,, **
###........##*,**,,,,,,,,, ,**
##......)...###***,,,,,,,,, ,,*
##.....#.......##*,,,,,,,,,*
,,***#...............#*$,,,,,,,,,
,,,*.....##..<......##..,,,,,,,,,
*,*,.....,####.#........,,,,,,,,,
,,,,..P.,,,,*###Z..Z....,,,,,,,,,
,,,,P.P.,,,,**#o@o......,,,,,∩,,8
*,,,.o.,,,,,,*#o[##..$..,,,,,,,,,
,,,,,,,,,,,,,#..o#*.....,,,,,,,,,
,,,,,,,∩,8,,,##Zo#,,....,,,,,,,,,
,,,,,,,,,,,,,,##$#,,,...,,,,,,,,,
,,,,,,,,,,,,,,,o..,,,...,,,,,,,,*
,,,,,,,,,,,,,,,..$,,,*,,,,,,,^***
,,,,,,,,,,,,,,,.o.,,,,*,,,,,,,,**
,,,,,,,,,,,,,,,,,,,,,,*,,,,,,,,,*


You could see an orc knight, an orc sorcerer (strong), 3 orc warriors, an orc
priest (strong), an orc (strong), a friendly orc skeleton, a friendly orc priest
skeleton and a friendly orc wizard skeleton.

Vanquished Creatures
  Fannar (Lair:1)
  Harold (D:7)
  A hydra (Lair:3)
  A two-headed ogre (D:11)
  4 unseen horrors
  Pikel (D:7)
  A wolf spider (Lair:3)
  3 ugly things
  A cyclops (D:10)
  10 elephants
  3 ice statues (IceCv)
  A torpor snail (Lair:3)
  2 black mambas
  4 cane toads
  2 gargoyles (D:10)
  A kobold demonologist (D:11)
  2 rime drakes (Lair:2)
  10 komodo dragons
  6 trolls
  10 blink frogs
  7 dream sheep
  5 hippogriffs
  2 redbacks (Lair:3)
  Sigmund (D:3)
  A shadow (D:11)
  A wraith (D:8)
  24 yaks
  A basilisk (Lair:4)
  A vampire (D:10)
  A steam dragon (D:10)
  An acid dragon (D:8)
  Edmund (D:6)
  A warg (Orc:1)
  10 water moccasins
  9 porcupines
  10 ice beasts
  2 sky beasts
  14 orc warriors
  10 ogres
  A phantom (D:11)
  5 wolves
  2 centaurs
  7 crocodiles
  17 bullfrogs
  2 big kobolds
  6 scorpions
  6 killer bees (D:7)
  4 troll zombies (D:11)
  2 vampire bats (D:2)
  2 electric eels (Lair:2)
  5 howler monkeys
  3 centaur zombies
  A quasit (D:10)
  A hound (D:8)
  2 centaur skeletons
  12 orc priests
  3 jellies
  A bullfrog skeleton (D:8)
  2 iguanas
  Terence (D:2)
  Natasha (twice) (D:3)
  12 orc wizards
  11 worker ants
  4 ogre zombies (D:11)
  3 hound skeletons
  A hound zombie (D:6)
  Robin (D:4)
  3 gnolls
  A howler monkey skeleton (D:10)
  23 adders
  2 shadow imps
  6 white imps
  An ufetubus (D:5)
  An adder skeleton (D:6)
  An adder zombie (D:5)
  3 worms
  2 dart slugs
  4 leopard geckos
  51 orcs
  8 bats
  3 bat skeletons (D:2)
  2 bat zombies (D:2)
  2 giant cockroaches
  18 goblins
  15 hobgoblins
  17 jackals
  17 kobolds
  6 quokkas
  3 ball pythons
  4 frilled lizards
  2 goblin skeletons (D:11)
  2 goblin zombies (D:11)
  2 hobgoblin skeletons (D:11)
  A leopard gecko zombie (D:8)
  4 orc skeletons (D:11)
  12 orc zombies (D:11)
  8 rats
510 creatures vanquished.

Vanquished Creatures (collateral kills)
  A komodo dragon (Lair:4)
  A dream sheep (Lair:4)
  2 blink frogs (Lair:4)
  A porcupine (Lair:2)
  A wolf (Lair:2)
  A hound (D:7)
  A goblin zombie (D:11)
  2 orc zombies (D:11)
  3 foxfires
13 creatures vanquished.

Vanquished Creatures (others)
  An orc (D:10)
  1028 foxfires
  30 fungi
  47 plants
1106 creatures vanquished.

Grand Total: 1629 creatures vanquished

Notes
Turn   | Place    | Note
-------+----------+-------------------------------------------
     0 | D:1      | raph the Hill Orc Fire Elementalist began the quest for the
                  | Orb.
     0 | D:1      | Reached XP level 1. HP: 14/14 MP: 3/3
   208 | D:1      | Reached XP level 2. HP: 20/20 MP: 0/4
   997 | D:2      | Found a snail-covered altar of Cheibriados.
  1012 | D:2      | Reached XP level 3. HP: 17/26 MP: 2/5
  1137 | D:2      | Found a sacrificial altar of Ru.
  1166 | D:2      | Learned a level 3 spell: Conjure Flame
  1803 | D:2      | Found an ancient bone altar of Kikubaaqudgha.
  1810 | D:2      | Reached XP level 4. HP: 29/33 MP: 2/6
  1852 | D:2      | Reached XP level 5. HP: 38/38 MP: 3/8
  1900 | D:2      | Became a worshipper of Kikubaaqudgha
  2306 | D:3      | Noticed Terence
  2390 | D:2      | Killed Terence
  2933 | D:3      | Reached skill level 1 in Necromancy
  2933 | D:3      | Reached skill level 5 in Fire Magic
  2933 | D:3      | Reached XP level 6. HP: 29/45 MP: 1/9
  3052 | D:3      | Learned a level 4 spell: Sticky Flame
  3130 | D:3      | Reached * piety under Kikubaaqudgha
  3130 | D:3      | Identified Kikubaaqudgha's Collected Works on Evil Rituals
                  | (Kikubaaqudgha gifted it to you on level 3 of the Dungeon)
  3130 | D:3      | Received a gift from Kikubaaqudgha
  3151 | D:3      | Learned a level 1 spell: Pain
  3304 | D:3      | Noticed Sigmund
  3552 | D:3      | Killed Sigmund
  4064 | D:3      | Reached XP level 7. HP: 50/50 MP: 5/10
  4140 | D:3      | Noticed Natasha
  4144 | D:3      | Killed Natasha
  4790 | D:3      | Reached ** piety under Kikubaaqudgha
  4917 | D:3      | Noticed Natasha
  4923 | D:3      | Killed Natasha
  5337 | D:4      | Learned a level 1 spell: Animate Skeleton
  5717 | D:4      | Reached XP level 8. HP: 52/57 MP: 7/12
  5811 | D:4      | Learned a level 3 spell: Vampiric Draining
  5826 | D:4      | Noticed Robin
  5837 | D:4      | Killed Robin
  6482 | D:5      | Entered Level 5 of the Dungeon
  6597 | D:5      | Found a shadowy altar of Dithmenos.
  6601 | D:5      | Reached skill level 5 in Conjurations
  6646 | D:5      | Found a staircase to the Ecumenical Temple.
  6851 | D:5      | Found a bloodstained altar of Trog.
  7916 | D:6      | Reached *** piety under Kikubaaqudgha
  7916 | D:6      | Identified Kikubaaqudgha's Grimoire of Black Magic
                  | (Kikubaaqudgha gifted it to you on level 6 of the Dungeon)
  7916 | D:6      | Received a gift from Kikubaaqudgha
  8348 | D:6      | Reached XP level 9. HP: 56/62 MP: 14/14
  8619 | D:6      | Noticed an eight-headed hydra
  8666 | D:6      | Noticed Edmund
  8694 | D:6      | Killed Edmund
  9989 | D:7      | Noticed Pikel
 10003 | D:7      | Killed Pikel
 10167 | D:7      | Found a burning altar of Makhleb.
 10297 | D:7      | Reached skill level 5 in Necromancy
 10297 | D:7      | Reached XP level 10. HP: 67/69 MP: 16/16
 10333 | D:7      | Got an agate-encrusted leather armour
 10344 | D:7      | Identified the cursed +0 leather armour of Pan-Flutes
                  | {Int+10} (You found it on level 7 of the Dungeon)
 10638 | D:7      | Learned a level 5 spell: Fireball
 10644 | D:8      | Noticed Harold
 11127 | D:8      | Reached **** piety under Kikubaaqudgha
 11259 | D:7      | HP: 3/70 [poisoned by a killer bee]
 11264 | D:7      | HP: 2/70 [poisoned by a killer bee]
 11271 | D:7      | HP: 2/70 [poisoned by a killer bee]
 11279 | D:7      | HP: 2/70 [poisoned by a killer bee]
 11635 | D:7      | Reached skill level 1 in Fighting
 12043 | D:8      | Noticed a red ugly thing
 12272 | D:7      | Killed Harold
 13077 | D:8      | Reached skill level 10 in Fire Magic
 13087 | D:8      | Reached skill level 5 in Spellcasting
 13378 | D:8      | Noticed a cyclops
 13417 | D:8      | Found a transporter.
 13424 | D:8      | Found a radiant altar of Vehumet.
 13449 | D:8      | Found a transporter.
 13569 | D:8      | Found Maatau Vidio's Antique Weapon Shoppe.
 13577 | D:8      | Bought a bloodstained scimitar for 243 gold pieces
 13577 | D:8      | Identified the +3 scimitar of the Desert {holy, rElec rN+
                  | Str+2} (You bought it in a shop on level 8 of the Dungeon)
 13587 | D:8      | Identified the Collected Works on Moulding and Calling
 13811 | D:9      | Found an opulent altar of Gozag.
 14054 | D:9      | Found a staircase to the Lair.
 14072 | D:9      | Reached XP level 11. HP: 82/82 MP: 15/18
 14397 | Lair:1   | Entered Level 1 of the Lair of Beasts
 15524 | Lair:1   | Noticed Fannar
 15531 | Lair:1   | Killed Fannar
 15531 | Lair:1   | Reached skill level 1 in Armour
 15541 | Lair:1   | Noticed a five-headed hydra
 16229 | Lair:2   | Found a frozen archway.
 16267 | IceCv    | Entered an ice cave
 16281 | IceCv    | Reached ***** piety under Kikubaaqudgha
 16455 | IceCv    | Noticed a white ugly thing
 16482 | IceCv    | Killed a white ugly thing
 17033 | IceCv    | Noticed a white ugly thing
 17052 | IceCv    | Killed a white ugly thing
 17052 | IceCv    | Reached XP level 12. HP: 82/90 MP: 3/20
 17181 | IceCv    | Learned a level 5 spell: Agony
 17279 | Lair:2   | Reached skill level 1 in Axes
 17279 | Lair:2   | Reached skill level 2 in Axes
 17293 | Lair:2   | Reached skill level 3 in Axes
 17849 | Lair:2   | Reached skill level 4 in Axes
 17998 | Lair:2   | Reached skill level 5 in Axes
 18826 | Lair:3   | Found a bloodstained altar of Trog.
 18910 | Lair:3   | Reached skill level 6 in Axes
 19187 | Lair:3   | Reached skill level 7 in Axes
 19566 | Lair:3   | Reached skill level 8 in Axes
 19988 | Lair:3   | Found a hole to the Spider Nest.
 20029 | Lair:3   | Reached skill level 9 in Axes
 20243 | Lair:3   | Noticed an eight-headed hydra
 20363 | Lair:3   | Killed an eight-headed hydra
 20363 | Lair:3   | Reached skill level 10 in Axes
 20938 | Lair:3   | Learned a level 2 spell: Blink
 20942 | Lair:3   | Found a staircase to the Shoals.
 21632 | Lair:4   | Reached skill level 11 in Axes
 21693 | Lair:4   | Reached XP level 13. HP: 68/95 MP: 23/23
 21752 | Lair:4   | Reached skill level 12 in Axes
 22778 | Lair:4   | Found a runed translucent gate.
 22778 | Lair:4   | Found a runed translucent gate.
 22779 | Lair:4   | Found a runed translucent gate.
 22856 | Lair:4   | Noticed Giarr's ghost (journeyman DDGl)
 22856 | Lair:4   | Noticed a minotaur
 23626 | Lair:5   | Found a staircase to the Slime Pits.
 23712 | Lair:5   | Reached skill level 13 in Axes
 24767 | D:10     | Entered Level 10 of the Dungeon
 25444 | D:10     | Reached ****** piety under Kikubaaqudgha
 25446 | D:10     | Identified a +7 executioner's axe of pain (a +5
                  | executioner's axe of freezing bloodied by Kikubaaqudgha)
 25446 | D:10     | Received a gift from Kikubaaqudgha
 25664 | D:10     | Reached skill level 14 in Axes
 25979 | D:10     | Learned a level 3 spell: Stone Arrow
 26432 | D:10     | Identified the ring "Diaruewn" {Wiz *Drain Str+2 Dex+3
                  | Slay+2}
 27423 | D:11     | Reached skill level 15 in Axes
 27783 | D:11     | Found a staircase to the Orcish Mines.
 28262 | D:11     | Reached XP level 14. HP: 79/102 MP: 26/26
 28941 | Orc:1    | Entered Level 1 of the Orcish Mines
 28941 | Orc:1    | Found Jeshiawk's Antique Armour Boutique.
 29013 | Orc:2    | Entered Level 2 of the Orcish Mines
 29049 | Orc:2    | Slain by an orc warrior

Illustrated notes

Levels and vault maps discovered:
D:1:      mainiacjoe_arrival_reflecting_pool, layout_basic
D:2:      layout_rooms, kennysheep_vampire_church, hangedman_ru_absence,
          nicolae_overflow_crystal_walls, amethyst_killhole
D:3:      minmay_bubble_buster, layout_loops_ring, uniq_sigmund, uniq_terence,
          uniq_natasha
D:4:      layout_basic, uniq_robin
D:5:      layout_rooms, nicolae_dithmenos_shadow_blocks,
          minmay_temple_entry_waves, trog_book
D:6:      layout_rooms, nzn_random_ring, uniq_edmund
D:7:      layout_loops_ring, lightli_temple_of_fire, uniq_pikel
D:8:      minmay_cut_squares, layout_cave_pools,
          gammafunk_temple_overflow_arena, serial_shops, shop_fountains,
          uniq_harold
D:9:      layout_gridville, kennysheep_little_box, david_lair_shrubbed
D:10:     cheibrodos_ideogram_h, layout_small_grid, special_room
          [special_room_orc]
D:11:     layout_irregular_city, zombieorc2_lemuel, lightli_corner_chamber
Lair:1:   layout_roguey, cheibrodos_lair_reptile_den, uniq_fannar
Lair:2:   layout_long_grid, portal_ice_cave_rime, nicolae_quartered_pool_super,
          infiniplex_staircase_pool_2
Lair:3:   layout_layer_cave, shoals_dummy_entry, spider_nest_entry_funnel_web,
          basic_altar, kennysheep_catoblepas_arena
Lair:4:   layout_roguey, maelrawn_ghost_gauntlet_escape
Lair:5:   layout_layer_cave, slime_dummy, grunt_megastairs_2,
          serial_bayou_shore_b
Orc:1:    layout_diamond_mine, serial_shops, nicolae_shop_stone
Orc:2:    grunt_orc_gardens, layout_diamond_mine, grunt_orc_garden,
          grunt_orc_garden, grunt_orc_garden, grunt_orc_garden, mines_bat_river,
          uniq_donald

Skill      XL: |  1  2  3  4  5  6  7  8  9 10 11 12 13 |
---------------+----------------------------------------+-----
Fire Magic     | 4 5 6 7 9 10 | 10.8
Stealth        | 2 3 4 |  4.8
Conjurations   | 2 3 4 6 7 8 9 |  9.4
Dodging        | 2 3 |  3.4
Spellcasting   | 2 3 4 5 7 8 |  8.2
Necromancy     | 1 2 3 5 6 8 |  8.5
Fighting       | 3 |  3.6
Armour         | 3 |  3.1
Axes           | 11 15 | 15.8

Action                   |  1- 3 |  4- 6 |  7- 9 | 10-12 | 13-15 || total
-------------------------+-------+-------+-------+-------+-------++-------
Melee: Unarmed           |     1 |       |       |       |       ||     1
       Dagger            |    26 |       |     9 |       |       ||    35
       Short sword       |    10 |    37 |    96 |    63 |       ||   206
       Scimitar          |       |       |       |     2 |       ||     2
       Executioner's axe |       |       |       |    71 |   184 ||   255
 Cast: Foxfire           |    46 |    76 |   210 |   236 |    92 ||   660
       Conjure Flame     |       |     1 |     3 |    14 |    20 ||    38
       Pain              |       |       |    49 |    29 |       ||    78
       Animate Skeleton  |       |       |    20 |    38 |    32 ||    90
       Sticky Flame      |       |       |    16 |    53 |    31 ||   100
       Vampiric Draining |       |       |     6 |    21 |     2 ||    29
       Fireball          |       |       |       |    48 |    42 ||    90
       Agony             |       |       |       |     7 |     4 ||    11
       Stone Arrow       |       |       |       |       |     7 ||     7
       Blink             |       |       |       |       |     5 ||     5
Invok: Brand Weapon With |       |       |       |       |     1 ||     1
Evoke: Wand              |       |       |       |       |     2 ||     2
  Use: Scroll            |       |       |    17 |    16 |     5 ||    38
       Potion            |       |       |       |     3 |       ||     3
 Stab: Sleeping          |     1 |     2 |     5 |     6 |     1 ||    15
       Distracted        |       |       |       |     1 |       ||     1
Armor: Robe              |    83 |    19 |    73 |       |       ||   175
       Leather armour    |       |       |       |    99 |    74 ||   173
       Skin              |       |       |       |     4 |       ||     4
Dodge: Dodged            |   126 |    49 |   134 |   252 |   219 ||   780
       Rpst.: Scimitar   |       |       |       |     1 |       ||     1

Table legend: (Time is in decaauts)
 A = Elapsed time spent in this place.
 B = Non-inter-level travel time spent in this place.
 C = Inter-level travel time spent in this place.
 D = Time resting spent in this place.
 E = Time spent auto-exploring this place.
 F = Levels seen in this place.
 G = Mean time per level.
                   A        B        C        D        E       F      G
               +--------+--------+--------+--------+--------+-----+--------+
         Total |  29184 |  28323 |    861 |  14438 |   8624 |  19 | 1536.0 |
       Dungeon |  18952 |  18324 |    628 |   9374 |   5456 |  11 | 1722.9 |
          Lair |   9127 |   8894 |    233 |   4308 |   3111 |   5 | 1825.4 |
  Orcish Mines |    110 |    110 |      0 |      0 |     56 |   2 |   55.0 |
      Ice Cave |    994 |    994 |      0 |    756 |      0 |   1 |  994.0 |
               +--------+--------+--------+--------+--------+-----+--------+

Top non-repeatable levels by time:
     D:7: 3352 daAuts
  Lair:3: 3233 daAuts
     D:3: 2571 daAuts
    D:11: 2037 daAuts
  Lair:2: 1930 daAuts
     D:2: 1805 daAuts
    D:10: 1727 daAuts
     D:6: 1525 daAuts
  Lair:4: 1509 daAuts
     D:9: 1418 daAuts
     D:5: 1280 daAuts
  Lair:1: 1279 daAuts
     D:4: 1267 daAuts
  Lair:5: 1174 daAuts
     D:8: 1115 daAuts
